 Dungeon Crawl Stone Soup version 0.30-a0-748-ge6a52f7cba (webtiles) character file.

Game seed: 11549336036899419721

14 Dittersdorf the Shield-Bearer (level 2, 0/19 HPs)
             Began as a Gargoyle Fighter on Feb 8, 2023.
             Slain by a goblin
             ... wielding a +0 club
              (2 damage)
             ... on level 1 of the Dungeon.
             The game lasted 00:00:22 (341 turns).

Dittersdorf the Shield-Bearer (Gargoyle Fighter)     Turns: 341, Time: 00:00:22

Health: 0/19       AC:  9    Str: 19    XL:     2   Next: 45%
Magic:  2/2        EV:  9    Int:  8    God:
Gold:   8          SH:  4    Dex:  9    Spells: 1/1 levels left

rFire   . . .      SeeInvis .    a - +0 flail
rCold   . . .      Faith    .    c - +0 buckler
rNeg    + . .      Spirit   .    b - +0 scale mail
rPois   ∞          Reflect  .    (no helmet)
rElec   +          Harm     .    (no cloak)
rCorr   .          Rampage  .    (no gloves)
Will    .....                    (no boots) Stlth
                                 (no amulet)
HPRegen 0.23/turn                (no ring)
MPRegen 0.08/turn                (no ring)

@: no status effects
A: sickness immunity, AC +2, negative energy resistance 1, electricity
resistance, torment resistance 1, petrification resistance
a: no special abilities


You were on level 1 of the Dungeon.
You visited 1 branch of the dungeon, and saw 1 of its levels.

You collected 8 gold pieces.

Inventory:

Hand Weapons
 a - a +0 flail (weapon)
Armour
 b - a +0 scale mail (worn)
 c - a +0 buckler (worn)
Scrolls
 e - a scroll of enchant armour {unknown}
Potions
 d - a potion of might


   Skills:
 + Level 3.5 Fighting
 + Level 2.2 Maces & Flails
 + Level 3.5 Armour
 + Level 3.5 Shields


You had one spell level left.
You didn't know any spells.
Your spell library contained the following spells:

 Spells                   Type           Power      Damage    Failure   Level
 Static Discharge         Conj/Air       0%         2-2/arc   94%         2
 Vhi's Electric Charge    Tloc/Air       0%         N/A       99%         3
 Arcjolt                  Conj/Air       0%         1d10      100%        5
 Lightning Bolt           Conj/Air       0%         1d11      100%        5


Dungeon Overview and Level Annotations

Branches:
Dungeon (1/15)

Altars:


Innate Abilities, Weirdness & Mutations

You are immune to sickness and miasma.
Your stone body is resilient. (AC +2)
You are immune to poison.
You resist negative energy. (rN+)
You are resistant to electric shocks. (rElec)
You are resistant to unholy torment.
You are immune to petrification.


Message History

You block the bat's attack. The goblin barely misses you.
The frilled lizard bites you but does no damage.
The goblin hits you with a +0 club. The rat bites you but does no damage.
The frilled lizard barely misses you. You block the hobgoblin's attack.
You hit the hobgoblin but do no damage. You block the frilled lizard's attack.
The goblin hits you but does no damage.
The hobgoblin hits you but does no damage.
The rat bites you but does no damage.
You hit the hobgoblin but do no damage. The frilled lizard bites you.
The goblin hits you with a +0 club.
An endoplasm comes into view.
The hobgoblin hits you.
* * * LOW HITPOINT WARNING * * *
The rat bites you but does no damage.
You are too injured to fight recklessly!
You are too injured to fight recklessly!
You are too injured to fight recklessly!
You are too injured to fight recklessly!
You are too injured to fight recklessly!
You are too injured to fight recklessly!
You are too injured to fight recklessly!
You are too injured to fight recklessly!
You are too injured to fight recklessly!
You are too injured to fight recklessly!
You are too injured to fight recklessly!
You are too injured to fight recklessly!
You are too injured to fight recklessly!
You are too injured to fight recklessly!
You are too injured to fight recklessly!
You barely miss the frilled lizard.
The endoplasm quivers.
The goblin hits you but does no damage. The frilled lizard bites you.
* * * LOW HITPOINT WARNING * * *
The hobgoblin hits you.
* * * LOW HITPOINT WARNING * * *
The rat barely misses you.
The frilled lizard bites you but does no damage.
The rat bites you but does no damage. You block the hobgoblin's attack.
The goblin hits you with a +0 club.
You die...

##########
#........#######.
#.######.........
##########.######..###...
##.##...........##..###.##.
#...#.#####.###b##.........
......# ##.###r##...##.##.
#...#.# ......g@l...#
......# .###..g###..#
##.#### ##J# ##.# #.# ....
.# ##'## ... .. .# #..(#
#... .# ....# .... ....#.#
...# .......#


You could see an endoplasm, a hobgoblin, a goblin, a bat, a frilled lizard and a
rat.

Vanquished Creatures
  2 dart slugs (D:1)
  3 bats (D:1)
  2 hobgoblins (D:1)
  A ball python (D:1)
  2 kobolds (D:1)
  A rat (D:1)
11 creatures vanquished.

Notes
Turn   | Place    | Note
-------+----------+-------------------------------------------
     0 | D:1      | Dittersdorf the Gargoyle Fighter began the quest for the
                  | Orb.
     0 | D:1      | Reached XP level 1. HP: 14/14 MP: 1/1
   208 | D:1      | Reached XP level 2. HP: 13/19 MP: 2/2
   341 | D:1      | Slain by a goblin

Illustrated notes

Levels and vault maps discovered:
D:1:      tekkud_arrival_beachfront_property, layout_loops_corners,
          hellmonk_ecumenical_altar_leap_of_faith, minmay_three_crescents

Action                     || total
---------------------------++-------
  Melee: Flail             ||    33
 Armour: Scale mail        ||    37
  Dodge: Dodged            ||    40
  Block: Buckler           ||    13

Table legend: (Time is in decaauts)
 A = Elapsed time spent in this place.
 B = Non-inter-level travel time spent in this place.
 C = Inter-level travel time spent in this place.
 D = Time resting spent in this place.
 E = Time spent auto-exploring this place.
 F = Levels seen in this place.
 G = Mean time per level.
                   A        B        C        D        E       F      G
               +--------+--------+--------+--------+--------+-----+--------+
         Total |    351 |    351 |      0 |      0 |    271 |   1 |  351.0 |
       Dungeon |    351 |    351 |      0 |      0 |    271 |   1 |  351.0 |
               +--------+--------+--------+--------+--------+-----+--------+

Top non-repeatable levels by time:
     D:1: 351 daAuts
